 Dungeon Crawl Stone Soup version 0.27-a0-1591-gc56fcc985a (webtiles) character file.

Game seed: 14539328472052994944

235 Tocho the Conjurer (level 5, -3/40 HPs)
             Began as a Draconian Conjurer on July 19, 2021.
             Slain by Blork the orc (10 damage)
             ... on level 4 of the Dungeon.
             The game lasted 00:10:49 (4951 turns).

Tocho the Conjurer (Draconian Conjurer)             Turns: 4951, Time: 00:10:49

Health: -3/40      AC:  5    Str:  9    XL:     5   Next: 76%
Magic:  4/8        EV: 12    Int: 19    God:
Gold:   197        SH:  0    Dex: 10    Spells: 6/9 levels left

rFire    . . .     SeeInvis .     - Unarmed
rCold    . . .     Faith    .   (no shield)
rNeg     . . .     Spirit   .   (armour unavailable)
rPois    .         Reflect  .   (helmet restricted)
rElec    .         Harm     .   (no cloak)
rCorr    .         Rampage  .   (no gloves)
Will     .....                  (no boots)
Stlth    ++........             (no amulet)
HPRegen  0.13/turn              (no ring)
MPRegen  0.11/turn              (no ring)

@: no status effects
A: AC +5, unfitting armour, cold-blooded
a: no special abilities


You were on level 4 of the Dungeon.
You visited 1 branch of the dungeon, and saw 4 of its levels.

You collected 197 gold pieces.

Inventory:

Scrolls
 b - a scroll of identify {unknown}
 c - a scroll of magic mapping
 d - a scroll of brand weapon {unknown}
 g - a scroll of teleportation
Potions
 a - 2 potions of flight {unknown}
 e - 3 potions of might {unknown}
 f - a potion of curing
 h - a potion of heal wounds {unknown}


   Skills:
 + Level 1.0 Fighting
 + Level 3.0 Dodging
 + Level 2.6 Stealth
 + Level 2.7 Unarmed Combat
 + Level 2.5 Spellcasting
 + Level 4.8 Conjurations


You had 6 spell levels left.
You knew the following spells:

 Your Spells              Type           Power      Damage    Failure   Level
a - Magic Dart            Conj           80%        1d7       2%          1
b - Searing Ray           Conj           40%        3d4       3%          2

Your spell library contained the following spells:

 Spells                   Type           Power      Damage    Failure   Level
 Summon Small Mammal      Summ           8%         N/A       16%         1
 Dazzling Flash           Conj/Hex       22%        N/A       19%         3
 Call Canine Familiar     Summ           2%         N/A       43%         3
 Inner Flame              Hex/Fire       2%         N/A       43%         3
 Summon Guardian Golem    Hex/Summ       2%         N/A       43%         3
 Fulminant Prism          Conj/Hex       5%         3d7       52%         4
 Iskenderun's Mystic Bla  Conj/Tloc      11%        2d4       52%         4
 Cause Fear               Hex            1%         N/A       85%         4
 Discord                  Hex            1%         N/A       100%        8


Dungeon Overview and Level Annotations

Branches:
Dungeon (4/15)
 Temple: D:4-7

Altars:
Dithmenos
Wu Jian

Annotations:
D:4 2 transporters, Blork the orc; DocClef's ghost, weakling GnDe


Innate Abilities, Weirdness & Mutations

Your plain brown scales are hard. (AC +5)
You cannot fit into any form of body armour.
You are cold-blooded and may be slowed by cold attacks.


Message History

The searing ray hits the hobgoblin!
You kill the hobgoblin!
You see here a ball python corpse.
Found a transporter.
You now have 197 gold pieces (gained 6).
Found 13 arrows.
An endoplasm comes into view.
A goblin comes into view. It is wielding a +0 club.
Found a jewelled bone wand.
Blork the orc comes into view.
He is wielding a +0 halberd.
Found a stone staircase leading down.
The endoplasm quivers.
Blork the orc drinks a potion.
Blork the orc flickers and vanishes!
Deactivating autopickup; reactivate with Ctrl-A.
The endoplasm hits you.
You hit the endoplasm.
The endoplasm is severely wounded.
The endoplasm closely misses you.
You hit the endoplasm.
You kill the endoplasm!
Something hits you.
The goblin shouts!
Something hits you!
Casting: Searing Ray (safe; 3% risk of failure)
Confirm with . or Enter, or press ? or * to list all spells.
Aiming: Searing Ray (safe; 3% risk of failure)
Press: ? - help, Shift-Dir - straight line, f - goblin
Aim: a goblin, wielding a +0 club (72% to hit)
The searing ray hits the goblin!
You kill the goblin! (Press . to maintain the ray.)
You hear some strange, mumbled words.
Something hits you. Something hits you! Something hits you!
* * * LOW HITPOINT WARNING * * *
You feel better. Something hits you.
* * * LOW HITPOINT WARNING * * *
Something hits you!
You die...

###### ######
#....# ......#
#....#
.....).#####....#
........##......#
........##@###..#
../........# ##.#
........#### #.#
.>......#
##.##########
.......##
####...........#
.......
.................#
.......
..#############..#
.......
#.#..(ZMZWZ...#..#
.......
#.#...........#..#


There were no monsters in sight!

Vanquished Creatures
  A jelly (D:4)
  A hound (D:4)
  An orc wizard (D:3)
  Robin (D:2)
  3 adders (D:3)
  2 worms
  2 dart slugs
  4 orcs
  11 ball pythons
  6 endoplasms
  3 giant cockroaches (D:2)
  12 hobgoblins
  8 jackals
  8 kobolds
  A quokka (D:1)
  5 bats
  A frilled lizard (D:3)
  20 goblins
  3 rats (D:1)
93 creatures vanquished.

Notes
Turn   | Place    | Note
-------+----------+-------------------------------------------
     0 | D:1      | Tocho the Draconian Conjurer began the quest for the Orb.
     0 | D:1      | Reached XP level 1. HP: 14/14 MP: 3/3
   194 | D:1      | Reached XP level 2. HP: 20/20 MP: 0/5
   246 | D:1      | HP: 1/20 [hobgoblin (4)]
   271 | D:1      | HP: 1/20 [hobgoblin (1)]
   598 | D:1      | Learned a level 2 spell: Searing Ray
  1109 | D:1      | Found a faded altar of an unknown god.
  1180 | D:2      | Reached XP level 3. HP: 23/26 MP: 0/6
  1842 | D:2      | Noticed Robin
  2349 | D:2      | Reached skill level 1 in Unarmed Combat
  2520 | D:2      | Killed Robin
  2521 | D:2      | Reached XP level 4. HP: 33/33 MP: 3/7
  3478 | D:3      | Reached XP level 5. HP: 32/39 MP: 2/8
  4583 | D:3      | Found an ornate altar of the Wu Jian Council.
  4599 | D:3      | Found a shadowy altar of Dithmenos.
  4774 | D:4      | Found a transporter.
  4847 | D:4      | Reached skill level 1 in Fighting
  4898 | D:4      | Found a transporter.
  4900 | D:4      | Noticed DocClef's ghost (weakling GnDe)
  4940 | D:4      | Noticed Blork the orc
  4951 | D:4      | Slain by Blork the orc

Illustrated notes

Levels and vault maps discovered:
D:1:      shiori_shiawase, layout_basic, hellmonk_ecumenical_altar_crossroads,
          minmay_domino_4
D:2:      layout_rooms, serial_forest, infiniplex_forest_straight_4,
          infiniplex_forest_lined_2, infiniplex_forest_lined_3_way,
          infiniplex_forest_corner_1, uniq_robin
D:3:      layout_loops_ring, mainiacjoe_overflow_swirl, grunt_ministairs_1
D:4:      layout_rooms, gammafunk_ghost_mausoleum, uniq_grinder, uniq_edmund,
          uniq_blork_the_orc

Skill      XL: |  1  2  3  4  5 |
---------------+----------------+-----
Dodging        | 2 3 |  3.0
Unarmed Combat | 1 2 |  2.7
Stealth        | 2 |  2.6
Fighting       | 1 |  1.0
Spellcasting   | |  2.5
Conjurations   | |  4.8

Action                   |  1- 3 |  4- 6 || total
-------------------------+-------+-------++-------
Melee: Unarmed           |   176 |   124 ||   300
       Tailslap          |    14 |     9 ||    23
 Cast: Magic Dart        |    42 |     3 ||    45
       Searing Ray       |    15 |     9 ||    24
  Use: Potion            |     2 |     1 ||     3
       Scroll            |       |     4 ||     4
 Stab: Distracted        |     1 |       ||     1
       Sleeping          |       |     4 ||     4
Armor: Skin              |   110 |    45 ||   155
Dodge: Dodged            |   216 |    85 ||   301

Table legend: (Time is in decaauts)
 A = Elapsed time spent in this place.
 B = Non-inter-level travel time spent in this place.
 C = Inter-level travel time spent in this place.
 D = Time resting spent in this place.
 E = Time spent auto-exploring this place.
 F = Levels seen in this place.
 G = Mean time per level.
                   A        B        C        D        E       F      G
               +--------+--------+--------+--------+--------+-----+--------+
         Total |   4957 |   4844 |    113 |    583 |   3219 |   4 | 1239.2 |
       Dungeon |   4957 |   4844 |    113 |    583 |   3219 |   4 | 1239.2 |
               +--------+--------+--------+--------+--------+-----+--------+

Top non-repeatable levels by time:
     D:1: 1604 daAuts
     D:2: 1569 daAuts
     D:3: 1501 daAuts
     D:4: 282 daAuts
